SAAA
HARTFORD PRIDE @ PORT HURON BLITZKRIEG
06/06/2042
 
TOP OF THE 1ST
Hartford Pride batting - Pitching for Port Huron Blitzkrieg : RHP Arlen Chesnutt
Pitching: RHP Arlen Chesnutt
Batting: LHB Daniel Joseph 0-0: Called Strike
0-1: Foul Ball, location: 2F
0-2: Ball
1-2: Strikes out looking
Batting: RHB Katsuhiko Ishihara 0-0: Fly out, F2 (Popup, 23F, EV 96.2 MPH)
Batting: LHB Tomás Muinos 0-0: Called Strike
0-1: SINGLE (Line Drive, 4M, EV 103.8 MPH)
Batting: RHB Angeddy Almanzar 0-0: Called Strike
0-1: Foul Ball, location: 2F
0-2: Ball
1-2: Strikes out looking
Top of the 1st over - 0 runs, 1 hit, 0 errors, 1 left on base; Hartford 0 - Port Huron 0
BOTTOM OF THE 1ST
Port Huron Blitzkrieg batting - Pitching for Hartford Pride : RHP Ismael Calderón
Pitching: RHP Ismael Calderón
Batting: RHB Ricardo Mireles 0-0: Ball
1-0: Ball
2-0: SINGLE (Groundball, 6D, EV 108.8 MPH)
Batting: RHB Jeff Reed 0-0: Swinging Strike
0-1: Called Strike
0-2: Ball
1-2: Strikes out looking
Batting: RHB John Wilkerson 0-0: Grounds into double play, 6-4-3 (Groundball, 6, EV 100.0 MPH)
Bottom of the 1st over - 0 runs, 1 hit, 0 errors, 0 left on base; Hartford 0 - Port Huron 0
TOP OF THE 2ND
Hartford Pride batting - Pitching for Port Huron Blitzkrieg : RHP Arlen Chesnutt
Batting: RHB Hani Azwan 0-0: Ball
1-0: Foul Ball, location: 2F
1-1: Ground out 3-1 (Groundball, 34, EV 107.5 MPH)
Batting: LHB Héctor Galló 0-0: Foul Ball, location: 2F
0-1: Swinging Strike
0-2: Ball
1-2: Ball
2-2: Ball
3-2: Fly out, F9 (Flyball, 9LSF, EV 88.1 MPH)
Batting: RHB Eugene McClellan 0-0: Foul Ball, location: 2F
0-1: Foul Ball, location: 2F
0-2: Ball
1-2: Foul Ball, location: 2F
1-2: Ball
2-2: Ball
3-2: SINGLE (Flyball, 78M, EV 96.9 MPH)
Batting: RHB Lester Kwiatkowski 0-0: Called Strike
Eugene McClellan is caught stealing 2nd base 2-4
Top of the 2nd over - 0 runs, 1 hit, 0 errors, 0 left on base; Hartford 0 - Port Huron 0
BOTTOM OF THE 2ND
Port Huron Blitzkrieg batting - Pitching for Hartford Pride : RHP Ismael Calderón
Batting: LHB Mario Ramos 0-0: Ball
1-0: Swinging Strike
1-1: Called Strike
1-2: Ball
2-2: Foul Ball, location: 2F
2-2: Strikes out looking
Batting: RHB Shun Fukui 0-0: Foul Ball, location: 2F
0-1: Foul Ball, location: 2F
0-2: Ball
1-2: DOUBLE (Line Drive, 3D, EV 96.2 MPH)
Batting: SHB Marços Mansilha 0-0: SINGLE (Groundball, 6MD, EV 111.9 MPH)
Shun Fukui to third
Runner from 3rd tries for Home, SAFE, no throw by CF
Batting: RHB John Willoughby 0-0: Foul Ball, location: 2F
0-1: Foul Ball, location: 2F
0-2: Strikes out looking
Batting: RHB John Ryan 0-0: Fielders Choice at 2nd, 5-4 (Groundball, 56, EV 101.2 MPH)
Bottom of the 2nd over - 1 run, 2 hits, 0 errors, 1 left on base; Hartford 0 - Port Huron 1
TOP OF THE 3RD
Hartford Pride batting - Pitching for Port Huron Blitzkrieg : RHP Arlen Chesnutt
Batting: RHB Lester Kwiatkowski 0-0: Ball
1-0: Foul Ball, location: 2F
1-1: Foul Ball, location: 2F
1-2: Foul Ball, location: 2F
1-2: Ball
2-2: Foul Ball, location: 2F
2-2: Foul Ball, location: 2F
2-2: Ball
3-2: Ground out 6-3 (Groundball, 6, EV 105.6 MPH)
Batting: RHB Joshua Cadaval 0-0: Ball
1-0: Foul Ball, location: 2F
1-1: Ball
2-1: Called Strike
2-2: Strikes out swinging
Batting: LHB Daniel Joseph 0-0: Ball
1-0: Called Strike
1-1: Ball
2-1: Ground out U3 (Groundball, 34D, EV 111.2 MPH)
Top of the 3rd over - 0 runs, 0 hits, 0 errors, 0 left on base; Hartford 0 - Port Huron 1
BOTTOM OF THE 3RD
Port Huron Blitzkrieg batting - Pitching for Hartford Pride : RHP Ismael Calderón
Batting: SHB Ben Boston 0-0: Called Strike
0-1: Ball
1-1: Foul Ball, location: 2F
1-2: Ball
2-2: Ball
3-2: Foul Ball, location: 2F
3-2: Ground out 2-3 (Groundball, 15S, EV 67.5 MPH)
Batting: RHB Ricardo Mireles 0-0: Ball
1-0: SINGLE (Groundball, 4MD, EV 95.0 MPH)
Batting: RHB Jeff Reed 0-0: Ball
1-0: Foul Ball, location: 2F
1-1: Fly out, F8 (Line Drive, 8RD, EV 88.1 MPH)
Batting: RHB John Wilkerson 0-0: Foul Ball, location: 2F
0-1: Ball
Wild Pitch!
Ricardo Mireles to second
1-1: Foul Ball, location: 2F
1-2: Ball
2-2: Ball
3-2: SINGLE (Line Drive, 8RS, EV 91.9 MPH)
Ricardo Mireles to third
Ricardo Mireles scores
Batting: LHB Mario Ramos 0-0: Called Strike
0-1: Ball
John Wilkerson steals 2nd base (no throw)
1-1: Called Strike
1-2: DOUBLE (Flyball, 8RXD, EV 95.6 MPH)
John Wilkerson scores
Batting: RHB Shun Fukui 0-0: Called Strike
0-1: Foul Ball, location: 2F
0-2: Ground out 6-3 (Groundball, 6, EV 91.9 MPH)
Bottom of the 3rd over - 2 runs, 3 hits, 0 errors, 1 left on base; Hartford 0 - Port Huron 3
TOP OF THE 4TH
Hartford Pride batting - Pitching for Port Huron Blitzkrieg : RHP Arlen Chesnutt
Batting: RHB Katsuhiko Ishihara 0-0: Ball
1-0: Called Strike
1-1: Swinging Strike
1-2: Ball
2-2: Strikes out swinging
Batting: LHB Tomás Muinos 0-0: Ball
1-0: Ball
2-0: Called Strike
2-1: Ball
3-1: Foul Ball, location: 2F
3-2: Foul Ball, location: 2F
3-2: Foul Ball, location: 2F
3-2: Base on Balls
Batting: RHB Angeddy Almanzar 0-0: Foul Ball, location: 2F
0-1: Ball
1-1: Ball
2-1: Foul Ball, location: 2F
2-2: Foul Ball, location: 2F
2-2: Strikes out swinging
Batting: RHB Hani Azwan 0-0: Ball
1-0: Swinging Strike
1-1: Swinging Strike
1-2: Strikes out swinging
Top of the 4th over - 0 runs, 0 hits, 0 errors, 1 left on base; Hartford 0 - Port Huron 3
BOTTOM OF THE 4TH
Port Huron Blitzkrieg batting - Pitching for Hartford Pride : RHP Ismael Calderón
Batting: SHB Marços Mansilha 0-0: Called Strike
0-1: Ball
1-1: DOUBLE (Line Drive, 89XD, EV 100.0 MPH)
Batting: RHB John Willoughby 0-0: Swinging Strike
0-1: Foul Ball, location: 2F
0-2: Foul Ball, location: 2F
0-2: Strikes out swinging
Batting: RHB John Ryan 0-0: Called Strike
0-1: Foul Ball, location: 2F
0-2: Strikes out looking
Batting: SHB Ben Boston 0-0: Called Strike
0-1: Foul Ball, location: 2F
0-2: Strikes out looking
Bottom of the 4th over - 0 runs, 1 hit, 0 errors, 1 left on base; Hartford 0 - Port Huron 3
TOP OF THE 5TH
Hartford Pride batting - Pitching for Port Huron Blitzkrieg : RHP Arlen Chesnutt
Batting: LHB Héctor Galló 0-0: Called Strike
0-1: Called Strike
0-2: Ball
1-2: Foul Ball, location: 2F
1-2: Foul Ball, location: 2F
1-2: Ball
2-2: Strikes out swinging
Pitching: LHP Steve O'Fennaghty
Batting: RHB Eugene McClellan 0-0: Ball
1-0: Called Strike
1-1: Foul Ball, location: 2F
1-2: Ball
2-2: Foul Ball, location: 2F
2-2: Ball
3-2: Strikes out swinging
Batting: RHB Lester Kwiatkowski 0-0: Ball
1-0: Foul Ball, location: 2F
1-1: Foul Ball, location: 2F
1-2: Foul Ball, location: 2F
1-2: Ball
2-2: Ball
3-2: Base on Balls
Batting: RHB Joshua Cadaval 0-0: SINGLE (Flyball, 9LS, EV 96.9 MPH)
Lester Kwiatkowski to second
Runner from 2nd tries for 3rd, SAFE, throw by RF made to third
Batting: LHB Daniel Joseph 0-0: Called Strike
0-1: Swinging Strike
0-2: Foul Ball, location: 2F
0-2: Foul Ball, location: 2F
0-2: Fly out, F8 (Flyball, 8RD, EV 85.0 MPH)
Top of the 5th over - 0 runs, 1 hit, 0 errors, 2 left on base; Hartford 0 - Port Huron 3
BOTTOM OF THE 5TH
Port Huron Blitzkrieg batting - Pitching for Hartford Pride : RHP Ismael Calderón
Batting: RHB Ricardo Mireles 0-0: Ball
1-0: Called Strike
1-1: Called Strike
1-2: Ball
2-2: Reached on error, E5 (Groundball, 56S, EV 81.2 MPH)
Batting: RHB Jeff Reed 0-0: Called Strike
0-1: Foul Ball, location: 2F
0-2: Ball
1-2: SINGLE (Groundball, 4S, EV 65.6 MPH) (infield hit)
Ricardo Mireles to second
Batting: RHB John Wilkerson 0-0: Called Strike
0-1: Foul Ball, location: 2F
0-2: Foul Ball, location: 2F
0-2: Ball
1-2: SINGLE (Groundball, 4, EV 83.8 MPH) (infield hit)
Ricardo Mireles to third
Jeff Reed to second
Batting: LHB Mario Ramos 0-0: Ball
1-0: Ball
2-0: Called Strike
2-1: Foul Ball, location: 2F
2-2: Ball
3-2: SINGLE (Flyball, 7LS, EV 96.2 MPH)
Ricardo Mireles scores
Jeff Reed to third
John Wilkerson to second
Runner from 3rd tries for Home, throw by LF and OUT! 7-2
Batting: RHB Shun Fukui 0-0: Called Strike
Mario Ramos is caught stealing 2nd base 2-4
John Wilkerson steals 3rd base
0-1: Ball
1-1: Ground out 4-3 (Groundball, 4, EV 106.2 MPH)
Bottom of the 5th over - 1 run, 3 hits, 1 error, 1 left on base; Hartford 0 - Port Huron 4
TOP OF THE 6TH
Hartford Pride batting - Pitching for Port Huron Blitzkrieg : LHP Steve O'Fennaghty
Batting: RHB Katsuhiko Ishihara 0-0: Ball
1-0: Ball
2-0: Ball
3-0: Called Strike
3-1: Foul Ball, location: 2F
3-2: SOLO HOME RUN (Flyball, 7LD, EV 99.4 MPH), Distance : 350 ft
Batting: LHB Tomás Muinos 0-0: SINGLE (Flyball, 4MD, EV 93.1 MPH)
Batting: RHB Angeddy Almanzar 0-0: Called Strike
0-1: Ball
1-1: Called Strike
1-2: Ball
2-2: Foul Ball, location: 2F
2-2: Strikes out swinging
Batting: RHB Hani Azwan 0-0: Ball
1-0: Ball
2-0: Fly out, F8 (Flyball, 8RS, EV 88.1 MPH)
Batting: LHB Héctor Galló 0-0: Ball
1-0: Ball
2-0: DOUBLE (Line Drive, 78M, EV 108.1 MPH)
Tomás Muinos to third
Runner from 3rd tries for Home, SAFE, throw by CF to trailing runner, SAFE at third!
Batting: RHB Eugene McClellan 0-0: Foul Ball, location: 2F
0-1: Foul Ball, location: 2F
0-2: Ball
1-2: Fly out, F7 (Line Drive, 7, EV 91.9 MPH)
Top of the 6th over - 2 runs, 3 hits, 0 errors, 1 left on base; Hartford 2 - Port Huron 4
BOTTOM OF THE 6TH
Port Huron Blitzkrieg batting - Pitching for Hartford Pride : RHP Ismael Calderón
Batting: SHB Marços Mansilha 0-0: Reached on error, E3 (Groundball, 34, EV 107.5 MPH)
Batting: RHB John Willoughby 0-0: Swinging Strike
0-1: Fly out, F8 (Flyball, 78D, EV 101.2 MPH)
Pitching: LHP Michael Esposito
Batting: RHB John Ryan 0-0: Ball
1-0: Called Strike
1-1: Ball
2-1: Swinging Strike
2-2: Fly out, F8 (Flyball, 8LS, EV 83.1 MPH)
Batting: SHB Ben Boston 0-0: Called Strike
0-1: Foul Ball, location: 2F
0-2: Strikes out swinging
Bottom of the 6th over - 0 runs, 0 hits, 1 error, 1 left on base; Hartford 2 - Port Huron 4
TOP OF THE 7TH
Hartford Pride batting - Pitching for Port Huron Blitzkrieg : LHP Steve O'Fennaghty
Batting: RHB Lester Kwiatkowski 0-0: Swinging Strike
0-1: Foul Ball, location: 2F
0-2: Strikes out looking
Batting: RHB Joshua Cadaval 0-0: Ball
1-0: Swinging Strike
1-1: Ground out 1-3 (Groundball, 25, EV 71.2 MPH)
Batting: LHB Daniel Joseph 0-0: Ball
1-0: Fly out, F5 (Popup, 25F, EV 91.2 MPH)
Top of the 7th over - 0 runs, 0 hits, 0 errors, 0 left on base; Hartford 2 - Port Huron 4
BOTTOM OF THE 7TH
Port Huron Blitzkrieg batting - Pitching for Hartford Pride : LHP Michael Esposito
Batting: RHB Ricardo Mireles 0-0: Ball
1-0: Called Strike
1-1: Ball
2-1: Ball
3-1: Foul Ball, location: 2F
3-2: Foul Ball, location: 2F
3-2: Foul Ball, location: 2F
3-2: Foul Ball, location: 2F
3-2: Strikes out swinging
Batting: RHB Jeff Reed 0-0: Foul Ball, location: 2F
0-1: Ball
1-1: SINGLE (Groundball, 6S, EV 70.6 MPH) (infield hit)
Batting: RHB John Wilkerson 0-0: Called Strike
0-1: Called Strike
0-2: Strikes out swinging
Batting: LHB Mario Ramos 0-0: Ground out U3 (Groundball, 3, EV 106.9 MPH)
Bottom of the 7th over - 0 runs, 1 hit, 0 errors, 1 left on base; Hartford 2 - Port Huron 4
TOP OF THE 8TH
Hartford Pride batting - Pitching for Port Huron Blitzkrieg : LHP Steve O'Fennaghty
Batting: RHB Katsuhiko Ishihara 0-0: Called Strike
0-1: Ball
1-1: Foul Ball, location: 2F
1-2: Ball
2-2: Ball
3-2: Fly out, F6 (Popup, 4M, EV 51.2 MPH)
Batting: LHB Tomás Muinos 0-0: Called Strike
0-1: Foul Ball, location: 2F
0-2: Strikes out looking
Batting: RHB Angeddy Almanzar 0-0: Called Strike
0-1: Called Strike
0-2: Fly out, F8 (Line Drive, 8LM, EV 91.9 MPH)
Top of the 8th over - 0 runs, 0 hits, 0 errors, 0 left on base; Hartford 2 - Port Huron 4
BOTTOM OF THE 8TH
Port Huron Blitzkrieg batting - Pitching for Hartford Pride : LHP Michael Esposito
Batting: RHB Shun Fukui 0-0: Foul Ball, location: 2F
0-1: SINGLE (Line Drive, 9LS, EV 105.0 MPH)
Batting: SHB Marços Mansilha 0-0: Called Strike
0-1: Ball
1-1: Swinging Strike
1-2: Strikes out swinging
Batting: RHB John Willoughby 0-0: Foul Ball, location: 2F
0-1: Ball
1-1: Foul Ball, location: 2F
1-2: Foul Ball, location: 2F
1-2: Ball
2-2: Foul Ball, location: 2F
2-2: Fly out, F9 (Flyball, 9D, EV 99.4 MPH)
Batting: RHB John Ryan 0-0: SINGLE (Groundball, 6M, EV 91.9 MPH) (infield hit)
Shun Fukui to second
Batting: SHB Ben Boston 0-0: Called Strike
0-1: Ball
1-1: Ball
2-1: Foul Ball, location: 2F
2-2: Foul Ball, location: 2F
2-2: Ball
3-2: Base on Balls
Shun Fukui to third
John Ryan to second
Batting: RHB Ricardo Mireles 0-0: Foul Ball, location: 2F
0-1: Ball
1-1: Fly out, F8 (Flyball, 8RD, EV 86.2 MPH)
Bottom of the 8th over - 0 runs, 2 hits, 0 errors, 3 left on base; Hartford 2 - Port Huron 4
TOP OF THE 9TH
Hartford Pride batting - Pitching for Port Huron Blitzkrieg : LHP Steve O'Fennaghty
Pitching: RHP Daryl Dwyer
Now at SS: D'Artagnan Rasberry
Batting: RHB Hani Azwan 0-0: Ball
1-0: Ball
2-0: Ball
3-0: Base on Balls
Batting: LHB Héctor Galló 0-0: Called Strike
0-1: Ball
1-1: Foul Ball, location: 2F
1-2: Strikes out looking
Pinch Hitting: LHB Sadatake Abe 0-0: Foul Ball, location: 2F
0-1: Called Strike
0-2: Ball
1-2: Ball
2-2: Foul Ball, location: 2F
2-2: Fielders Choice at 2nd, 4-6 (Groundball, 4, EV 76.2 MPH)
Batting: RHB Lester Kwiatkowski 0-0: Ground out 4-3 (Groundball, 4, EV 85.6 MPH)
Top of the 9th over - 0 runs, 0 hits, 0 errors, 1 left on base; Hartford 2 - Port Huron 4
Friday, March 26th, 2021 - OOTP Baseball 20.8 Build 74